 Dungeon Crawl Stone Soup version 0.30-a0-373-gd37427bb62 (webtiles) character file.

Game seed: 16326973460023291552

711 mopl the Magician (level 7, -10/41 HPs)
             Began as an Octopode Hedge Wizard on Nov 24, 2022.
             Was an Initiate of Vehumet.
             Mangled by an ogre
             ... wielding a +0 giant club
              (23 damage)
             ... on level 7 of the Dungeon.
             The game lasted 00:06:31 (5306 turns).

mopl the Magician (Octopode Hedge Wizard)           Turns: 5306, Time: 00:06:32

Health: -10/41     AC:  1    Str:  9    XL:     7   Next: 68%
Magic:  10/14      EV: 13    Int: 18    God:    Vehumet [......]
Gold:   277        SH:  0    Dex: 12    Spells: 13/16 levels left

rFire   . . .      SeeInvis .    a - +2 dagger (elec)
rCold   . . .      Faith    +    (no shield)
rNeg    + . .      Spirit   .    b - +0 hat
rPois   .          Reflect  .    C - amulet of faith {!P}
rElec   .          Harm     .    H - ring of positive energy
rCorr   .          Rampage  .    (no ring)
Will    .....                    (no ring)
Stlth   +++.......               (no ring)
HPRegen 0.26/turn                (no ring)
MPRegen 0.14/turn                (no ring)
                                 (no ring)
                                 (no ring)

@: on blink cooldown
A: almost no armour, amphibious, 8 rings, camouflage 1, gelatinous body 1,
(nimble swimmer 1), tentacles
a: Renounce Religion


You were on level 7 of the Dungeon.
You worshipped Vehumet.
Vehumet was noncommittal.
You visited 2 branches of the dungeon, and saw 8 of its levels.

You collected 277 gold pieces.

Inventory:

Hand Weapons
 a - a +2 dagger of electrocution (weapon)
 e - a +0 dagger of venom
Missiles
 x - 3 throwing nets
 y - 4 poisoned darts
Armour
 b - a +0 hat (worn)
 F - a +0 kite shield
Jewellery
 C - an amulet of faith (around mantle) {!P}
 H - a ring of positive energy (left tentacle)
Wands
 h - a wand of paralysis (11)
 l - a wand of flame (13)
Scrolls
 d - 4 scrolls of noise {unknown}
 g - 3 scrolls of teleportation {unknown}
 i - 3 scrolls of butterflies {unknown}
 k - a scroll of acquirement {unknown}
 n - 2 scrolls of amnesia {unknown}
 o - a scroll of brand weapon {unknown}
 r - a scroll of fear {unknown}
 u - a scroll of enchant armour {unknown}
 v - a scroll of immolation {unknown}
 z - a scroll of blinking {unknown}
 A - 4 scrolls of identify {unknown}
 E - a scroll of torment {unknown}
 I - a scroll of enchant weapon {unknown}
Potions
 c - a potion of magic
 f - a potion of mutation {unknown}
 j - a potion of cancellation {unknown}
 m - 2 potions of resistance {unknown}
 p - 3 potions of heal wounds {unknown}
 q - 2 potions of might {unknown}
 s - 2 potions of ambrosia {unknown}
 t - 3 potions of brilliance {unknown}
 w - a potion of lignification {unknown}
 B - a potion of attraction {unknown}
 D - 2 potions of flight {unknown}
 G - a potion of curing


   Skills:
 - Level 2.0 Dodging
 - Level 2.6 Stealth
 + Level 1.0 Shields
 * Level 5.3 Spellcasting
 * Level 4.8 Conjurations
 - Level 1.0 Summonings
 - Level 3.0 Translocations
 + Level 3.0 Evocations


You had 13 spell levels left.
You knew the following spells:

 Your Spells              Type           Power      Damage    Failure   Level
a - Magic Dart            Conj           88%        1d7       1%          1
e - Blink                 Tloc           30%        N/A       6%          2

Your spell library contained the following spells:

 Spells                   Type           Power      Damage    Failure   Level
 Gell's Gravitas          Tloc           15%        N/A       12%         3
 Lesser Beckoning         Tloc           30%        N/A       12%         3
 Teleport Other           Tloc           15%        N/A       12%         3
 Slow                     Hex            16%        N/A       13%         1
 Call Imp                 Summ           8%         N/A       13%         2
 Cigotuvi's Dreadful Rot  Necr/Pois/Air  8%         N/A       21%         2
 Mephitic Cloud           Conj/Pois/Air  10%        N/A       21%         3
 Vhi's Electric Charge    Tloc/Air       20%        N/A       22%         3
 Ozocubu's Armour         Ice            4%         N/A       36%         3
 Arcjolt                  Conj/Air       6%         1d16      78%         5
 Metabolic Englaciation   Hex/Ice        2%         N/A       98%         5
 Simulacrum               Ice/Necr       2%         N/A       100%        6
 Maxwell's Capacitive Co  Air            2%         ∞         100%        8


Dungeon Overview and Level Annotations

Branches:
Dungeon (7/15)             Temple (1/1) D:6

Altars:
Ashenzari
Fedhas
Kikubaaqudgha
Qazlal
Trog
Vehumet
Xom
The Shining One

Shops:
D:4 :

Annotations:
D:5 3 runed translucent doors, MCDelver's ghost, novice OpCj; Voxish's ghost, novice MeFi
D:6 3 runed translucent doors, DrillMeBaby's ghost, novice GnCA; funkygono's ghost, novice HuCA


Innate Abilities, Weirdness & Mutations

You cannot wear most types of armour.
You are amphibious.
You can wear up to eight rings at the same time.
Your skin changes colour to match your surroundings (Stealth+).
Your rubbery body absorbs attacks. (AC +1, EV +1)
((You are camouflaged when in or above water. (Stealth+)))
You have tentacles for arms and can constrict up to eight enemies at once.


Message History

DrillMeBaby's ghost turns its malevolent gaze towards you.
DrillMeBaby's ghost says, "I'll split you in two!"
You see here a +1 pair of gloves of infusion.
There is a stone staircase leading down here.
You climb downwards.
Found a scroll labelled DOETUT MYBLAQ.
There is a stone staircase leading up here.
Found a stone staircase leading up.
A - 4 scrolls labelled DOETUT MYBLAQ (gained 1)
An ogre comes into view. It is wielding a +0 giant club.
An ogre is nearby!
Found a spear.
The helpless ogre fails to defend itself.
You hit the ogre. You squeeze the ogre!
The ogre is heavily wounded.
The ogre hits you with a +0 giant club!!
Ouch! That really hurt!
* * * LOW HITPOINT WARNING * * *
Casting: Magic Dart (safe; 1% risk of failure)
Confirm with . or Enter, or press ? or * to list all spells.
You blink.
Found a smoky cyan potion.
You are too injured to fight recklessly!
Casting: Blink (safe; 6% risk of failure)
Confirm with . or Enter, or press ? or * to list all spells.
Aiming: Magic Dart (safe; 1% risk of failure)
Press: ? - help, Shift-Dir - straight line, f - ogre
Aim: an ogre, wielding a +0 giant club (heavily wounded, 100% to hit)
The magic dart hits the ogre.
The ogre is heavily wounded.
Unknown command.
Casting: Magic Dart (safe; 1% risk of failure)
Confirm with . or Enter, or press ? or * to list all spells.
Aiming: Magic Dart (safe; 1% risk of failure)
Press: ? - help, Shift-Dir - straight line, f/p - ogre
Aim: an ogre, wielding a +0 giant club (heavily wounded, 100% to hit)
The magic dart hits the ogre.
The ogre is heavily wounded.
The ogre hits you with a +0 giant club!!
Ouch! That really hurt!
You die...

!#......#....
............ ...........
... .....)....# ..
..........###.
#........#.####
#.............###
##@..........##
.##..O....##....##
.................##
.........#.........###
...........#....#......#
.....................###
....................##
......#.............##
##.#..............#


You could see an ogre.

Vanquished Creatures
  Sigmund (D:2)
  A phantom (D:5)
  A scorpion (D:6)
  3 hounds
  3 iguanas
  7 gnolls
  8 adders
  A white imp (D:5)
  An ufetubus (D:5)
  A worm (D:4)
  A dart slug (D:2)
  15 orcs
  4 ball pythons
  4 bats
  5 endoplasms
  4 giant cockroaches
  5 hobgoblins
  7 jackals
  3 kobolds
  3 quokkas
  A frilled lizard (D:2)
  7 goblins
  7 rats
93 creatures vanquished.

Vanquished Creatures (others)
  10 withered plants
10 creatures vanquished.

Grand Total: 103 creatures vanquished

Notes
Turn   | Place    | Note
-------+----------+-------------------------------------------
     0 | D:1      | mopl the Octopode Hedge Wizard began the quest for the Orb.
     0 | D:1      | Reached XP level 1. HP: 11/11 MP: 4/4
    97 | D:1      | Found a faded altar of an unknown god.
   300 | D:1      | Reached XP level 2. HP: 17/17 MP: 6/6
   303 | D:1      | Learned a level 2 spell: Blink
   781 | D:2      | Reached XP level 3. HP: 12/21 MP: 7/7
   789 | D:2      | Reached skill level 2 in Conjurations
  1036 | D:2      | Noticed Sigmund
  1044 | D:2      | Killed Sigmund
  1045 | D:2      | Reached skill level 4 in Spellcasting
  1045 | D:2      | Reached skill level 3 in Conjurations
  1045 | D:2      | Reached skill level 2 in Translocations
  1045 | D:2      | Reached skill level 1 in Evocations
  1045 | D:2      | Reached XP level 4. HP: 9/27 MP: 8/10
  1045 | D:2      | Reached XP level 5. HP: 10/31 MP: 8/11
  1175 | D:2      | You fall into a shaft and drop 2 floors!
  1417 | D:3      | Reached XP level 6. HP: 13/36 MP: 12/12
  2304 | D:3      | Reached skill level 2 in Evocations
  2960 | D:4      | Found Mefyis's Vocational Training.
  3199 | D:4      | Reached skill level 4 in Conjurations
  3378 | D:5      | Entered Level 5 of the Dungeon
  3385 | D:5      | Reached XP level 7. HP: 36/41 MP: 14/14
  3435 | D:5      | Found a runed translucent gate.
  3435 | D:5      | Found a runed translucent gate.
  3435 | D:5      | Found a runed translucent gate.
  3492 | D:5      | Reached skill level 3 in Translocations
  3960 | D:5      | Reached skill level 5 in Spellcasting
  4215 | D:5      | Noticed MCDelver's ghost (novice OpCj)
  4215 | D:5      | Noticed Voxish's ghost (novice MeFi)
  4315 | D:6      | Found a runed translucent gate.
  4316 | D:6      | Found a runed translucent gate.
  4317 | D:6      | Found a runed translucent gate.
  4334 | D:6      | Found a staircase to the Ecumenical Temple.
  4347 | Temple   | Entered the Ecumenical Temple
  4415 | Temple   | Became a worshipper of Vehumet
  4891 | D:6      | Reached skill level 3 in Evocations
  4935 | D:6      | Reached skill level 1 in Shields
  5000 | D:6      | Noticed DrillMeBaby's ghost (novice GnCA)
  5001 | D:6      | Noticed funkygono's ghost (novice HuCA)
  5306 | D:7      | Mangled by an ogre

Illustrated notes

Levels and vault maps discovered:
D:1:      minmay_arrival_jagged, layout_basic, shapermc_ecumenical_altar_gd
D:2:      layout_loops_cross, hangedman_decor_peaks_small, wad_floor_pattern_1,
          uniq_sigmund
D:3:      layout_loops_ring
D:4:      kennysheep_six_static_rooms, layout_basic, nicolae_shop_vocational
D:5:      layout_rooms, gammafunk_ghost_cemetery, serial_co_window_serial,
          co_window_of_opportunity_a, co_window_paths_a,
          co_window_of_opportunity_a, co_window_paths_a,
          co_window_of_opportunity_a, co_window_paths_b, co_window_corner_a,
          co_window_paths_b, co_window_paths_b, co_window_unsneaky_path_d,
          co_window_broadway_c, co_window_corner_b, co_window_corner_b,
          co_window_of_opportunity_c, co_window_broadway_c,
          co_window_of_opportunity_b, co_window_paths_d, glass_columns_c,
          glass_columns_a
D:6:      layout_loops_ring, minmay_temple_entry_sparse_star,
          gammafunk_ghost_cemetery, kennysheep_path_1
D:7:      layout_cave_pools
Temple:   mainiacjoe_temple_circle_huts

Skill      XL: |  1  2  3  4  5  6  7 |
---------------+----------------------+-----
Conjurations   | 3 4 |  4.8
Spellcasting   | 4 5 |  5.3
Translocations | 2 3 |  3.0
Evocations     | 1 2 3 |  3.0
Shields        | 1 |  1.0
Dodging        | |  2.0
Stealth        | |  2.6
Summonings     | |  1.0

Action                   |  1- 3 |  4- 6 |  7- 9 || total
-------------------------+-------+-------+-------++-------
Melee: Dagger            |    41 |   104 |    36 ||   181
       Constrict         |     5 |    24 |     8 ||    37
       Tentacles         |     8 |    17 |     8 ||    33
       Punch             |       |     3 |       ||     3
 Cast: Magic Dart        |     6 |    21 |     2 ||    29
       Blink             |     1 |     1 |     1 ||     3
  Use: Potion            |       |     2 |       ||     2
 Stab: Sleeping          |    12 |    10 |     7 ||    29
Armor: Skin              |     1 |     5 |     1 ||     7
Dodge: Dodged            |    16 |    66 |    16 ||    98

Table legend: (Time is in decaauts)
 A = Elapsed time spent in this place.
 B = Non-inter-level travel time spent in this place.
 C = Inter-level travel time spent in this place.
 D = Time resting spent in this place.
 E = Time spent auto-exploring this place.
 F = Levels seen in this place.
 G = Mean time per level.
                   A        B        C        D        E       F      G
               +--------+--------+--------+--------+--------+-----+--------+
         Total |   5303 |   5068 |    235 |    554 |   3844 |   8 |  662.9 |
       Dungeon |   5223 |   5000 |    223 |    554 |   3802 |   7 |  746.1 |
        Temple |     80 |     68 |     12 |      0 |     42 |   1 |   80.0 |
               +--------+--------+--------+--------+--------+-----+--------+

Top non-repeatable levels by time:
     D:2: 1112 daAuts
     D:5: 935 daAuts
     D:6: 884 daAuts
     D:1: 788 daAuts
     D:4: 758 daAuts
     D:3: 717 daAuts
  Temple: 80 daAuts
     D:7: 25 daAuts
